 Dungeon Crawl Stone Soup version 0.15-a0-1004-gbf4e2e6 (webtiles) character file.

2711 DerFusl the Slasher (level 9, -10/49 HPs)
             Began as a Vine Stalker Berserker on May 23, 2014.
             Was an Elder of Trog.
             Mangled by an orc warrior
             ... wielding a +0,+1 trident
              (12 damage)
             ... on Level 6 of the Dungeon on May 25, 2014.
             The game lasted 00:31:21 (5631 turns).

DerFusl the Slasher (Vine Stalker Berserker)        Turns: 5631, Time: 00:31:22

HP -10/49        AC  8     Str 22      XL: 9   Next: 66%
MP   0/12        EV 13     Int 12      God: Trog [****..]
Gold 312         SH  7     Dex 15      Spells:  0 memorised,  8 levels left

rFire  . . .     SeeInvis .     a - +1 falchion
rCold  . . .     Clarity  .     o - +0 leather armour
rNeg   . . .     Conserve .     f - +0 buckler (curse)
rPois  .         rCorr    .     (no helmet)
rElec  .         rRot     +     j - +0 cloak
SustAb .         Spirit   +     (no gloves)
rMut   .         Warding  .     i - +2 pair of boots
Gourm  .         Stasis   .     (no amulet)
MR     +++..                    k - ring of stealth
                                y - +3 ring of intelligence

@: regenerating, lethally poisoned, extremely resistant to hostile enchantments,
unstealthy
A: fangs 3, clever 1, regeneration 2, magic shield, antimagic bite, no device
heal 3, rot immunity
a: Burn Spellbooks, Berserk, Trog's Hand, Brothers in Arms, Renounce Religion


You were on level 6 of the Dungeon.
You worshipped Trog.
Trog was greatly pleased with you.
You were not hungry.

You visited 2 branches of the dungeon, and saw 8 of its levels.

You collected 312 gold pieces.

Inventory:

Hand weapons
 a - a +1,+1 falchion (weapon)
Armour
 b - a +0 animal skin
 f - a cursed +0 buckler (worn)
 i - a +2 pair of boots (worn)
 j - a +0 cloak (worn)
 o - a +0 leather armour (worn)
Magical devices
 u - a wand of flame (10)
 w - a wand of digging (17)
Comestibles
 c - 4 bread rations
 m - 3 meat rations
 n - a banana
 p - a royal jelly
 r - a choko
 z - 3 apples
Scrolls
 d - 5 scrolls of identify
 e - a scroll of enchant armour {unknown}
 g - 2 scrolls of teleportation
 l - 2 scrolls of magic mapping
 q - 2 scrolls of remove curse
 v - a scroll of enchant weapon I
Jewellery
 h - an uncursed ring of fire
 k - a ring of stealth (right hand)
 y - a +3 ring of intelligence (left hand)
Potions
 s - a potion of agility {unknown}


   Skills:
 + Level 6.5 Fighting
 + Level 6.6 Long Blades
 + Level 5.7 Armour
 + Level 5.3 Dodging


You had 8 spell levels left.
You didn't know any spells.

Dungeon Overview and Level Annotations

Branches:
Dungeon (7/15)             Temple (1/1) D:4

Altars:
Ashenzari
Cheibriados
Fedhas
Makhleb
Nemelex Xobeh
Okawaru
Qazlal
Trog
Vehumet
Xom
Yredelemnul
The Shining One


Innate Abilities, Weirdness & Mutations

You have razor-sharp teeth.
You heal very quickly.
When hurt, damage is shared between your health and your magic reserves.
Your bite disrupts and absorbs the magic of your enemies.
Potions and wands cannot restore your health.
You are immune to rotting.
Your mind is acute. (Int +2)


Message History

The killer bee stings you but does no damage.
The orc warrior hits you with a trident.
The orc priest mumbles some strange prayers to Beogh against you.
Something smites you! You block the orc's attack.
You climb upwards.
There is a stone staircase leading down here.
Use which ability? (? or * to list)
Your skin crawls.
You feel resistant to hostile enchantments.
You feel slightly more hungry. The killer bee closely misses you.
The ice beast hits you. The ice beast freezes you!
* * * LOW HITPOINT WARNING * * *
The orc hits you with a flail.
* * * LOW HITPOINT WARNING * * *
The killer bee stings you!
* * * LOW HITPOINT WARNING * * *
You are poisoned.
The killer bee poisons you!
The orc warrior hits you with a trident!
You die...

#..#####.# #..........# #......
.........# ##.##.####.## #......
.........# #..#.#.....####......
#..####..# ##.#.#...............
######...#####...###.............
.........#.<.....###.##..........
.#...#..##.#.##..#.#.##......####
...........#.###o#[#.##......#
.#...#...#.#.#)o@Yo#.##......#
...........#...yo#.#.#########
#######....###.....#.#
...............#.###.#
.....#####..##...# #.#
...........).....###.#
.#.#.######.####.....#
...............#######
################


You could see an orc warrior, an ice beast, a killer bee and 3 orcs.

Vanquished Creatures
  Grinder (D:4)
  Prince Ribbit (D:4)
  The ghost of haldagan the Sneak, an average OpAs (D:5)
  Eustachio (D:5)
  Menkaure (D:6)
  An orc warrior (D:6)
  An ice beast (D:6)
  2 sky beasts
  2 phantoms
  3 ogres
  A giant frog (D:6)
  Duvessa (D:5)
  A gnoll sergeant (D:5)
  A scorpion (D:5)
  A killer bee (D:6)
  Dowan (D:5)
  A hound (D:4)
  7 big fish (D:4)
  4 crimson imps
  2 orc priests (D:6)
  2 worker ants
  A hound skeleton (D:6)
  8 gnolls
  3 adders
  2 giant mites
  4 worms
  11 orcs
  A ball python (D:2)
  5 giant cockroaches
  11 hobgoblins
  9 jackals
  11 kobolds
  7 bats
  2 giant geckos
  A giant gecko zombie (D:6)
  10 goblins
  A goblin skeleton (D:4)
  2 hobgoblin skeletons
  17 rats
142 creatures vanquished.

Notes
Turn   | Place    | Note
--------------------------------------------------------------
     0 | D:1      | DerFusl, the Vine Stalker Berserker, began the quest for the Orb.
     0 | D:1      | Reached XP level 1. HP: 11/11 MP: 1/1
    76 | D:1      | Reached XP level 2. HP: 11/16 MP: 3/3
   308 | D:1      | Reached skill level 3 in Fighting
   480 | D:1      | Reached XP level 3. HP: 17/20 MP: 4/4
   515 | D:1      | Acquired Trog's second power
   894 | D:2      | Reached XP level 4. HP: 24/24 MP: 5/5
  2105 | D:4      | Noticed a phantom
  2318 | D:4      | Noticed Prince Ribbit
  2343 | D:4      | Killed Prince Ribbit
  2343 | D:4      | Reached XP level 5. HP: 16/29 MP: 5/7
  2343 | D:4      | Gained mutation: You heal very quickly. [vine stalker growth]
  2343 | D:4      | Reached XP level 6. HP: 18/33 MP: 5/8
  2347 | D:4      | Reached skill level 4 in Fighting
  2638 | D:4      | Reached XP level 7. HP: 28/37 MP: 9/9
  2795 | D:4      | Noticed Grinder
  2796 | D:4      | Paralysed by Grinder for 5 turns
  2812 | D:4      | Killed Grinder
  2991 | D:4      | Killed a phantom
  2991 | D:4      | Reached skill level 5 in Fighting
  2991 | D:4      | Gained mutation: You have razor-sharp teeth. [vine stalker growth]
  2991 | D:4      | Reached XP level 8. HP: 37/43 MP: 9/11
  3106 | D:4      | Found a staircase to the Ecumenical Temple.
  3124 | Temple   | Entered the Ecumenical Temple
  3216 | Temple   | Gained mutation: Your mind is acute. (Int +2) [potion of mutation]
  3216 | Temple   | Gained mutation: You have a fast metabolism. [potion of mutation]
  3216 | Temple   | Lost mutation: You have a fast metabolism. [potion of mutation]
  3218 | Temple   | Upgraded the game from 0.15-a0-970-ga23ad50 to 0.15-a0-995-gc8af7eb
  3364 | D:5      | Entered Level 5 of the Dungeon
  3502 | D:5      | Found a bloodstained altar of Trog.
  3534 | D:5      | Noticed Eustachio
  3555 | D:5      | Killed Eustachio
  3555 | D:5      | Acquired Trog's third power
  3555 | D:5      | Reached skill level 5 in Long Blades
  4000 | D:5      | Noticed haldagan's ghost (average OpAs)
  4009 | D:5      | Killed haldagan's ghost
  4134 | D:5      | Noticed Duvessa
  4134 | D:5      | Noticed Dowan
  4139 | D:5      | Killed Duvessa
  4339 | D:5      | Reached skill level 5 in Armour
  4339 | D:5      | Reached XP level 9. HP: 48/48 MP: 12/12
  4468 | D:5      | Killed Dowan
  4771 | D:5      | Reached skill level 6 in Fighting
  4829 | D:6      | Found a shimmering altar of Xom.
  4829 | D:6      | Found a basalt altar of Yredelemnul.
  4829 | D:6      | Found a glowing golden altar of the Shining One.
  4998 | D:6      | Found a sparkling altar of Nemelex Xobeh.
  5172 | D:6      | Noticed Menkaure
  5179 | D:6      | Killed Menkaure
  5179 | D:6      | Reached skill level 5 in Dodging
  5485 | D:6      | Upgraded the game from 0.15-a0-995-gc8af7eb to 0.15-a0-1004-gbf4e2e6
  5631 | D:6      | HP: 2/49 [killer bee (5)]
  5631 | D:6      | Mangled by an orc warrior

Action                   |  1- 3 |  4- 6 |  7- 9 || total
-------------------------+-------+-------+-------++-------
Melee: Falchion          |    72 |   113 |   282 ||   467
Invok: Berserk           |     2 |     2 |     4 ||     8
       Trog's Hand       |       |       |     2 ||     2
       Burn Spellbooks   |       |       |     1 ||     1
  Use: Potion            |       |       |     8 ||     8
       Scroll            |       |       |     9 ||     9
 Stab: Sleeping          |     3 |     3 |     6 ||    12
       Distracted        |       |       |     1 ||     1
